Map: 이터널 엠파이어 - 래더

Players

HellraiseR - Winner!

  • Race: Protoss Protoss
  • Spawn Location: 1:00

cure

  • Race: Terran Terran
  • Spawn Location: 7:00

Event: StayAtHomestory Cup #2

VOD

Have the link to the VOD?

Description

Time

  • Played on: June 11, 2020, 7:49 a.m.
  • Length: 6:46

All games in this series

Show
View Real Time Build Order
Export as new Build Order

HellraiseR Protoss - Winner!

Build Orders: 1 Gate Expand 

Get SALT Encoding   

  12  0:00  Probe  
  13  0:13  Probe  
  14  0:17  Pylon  
  14  0:23  Probe  
  15  0:31  Probe  
  16  0:36  Gateway  
  16  0:39  Probe  
  16  0:45  Assimilator  
  17  0:51  Probe  
  18  1:03  Probe  
  19  1:15  Probe  
  20  1:24  Cybernetics Core  
  20  1:34  Nexus  
  20  1:36  Probe  
  21  1:44  Pylon  
  21  1:48  Probe  
  21  1:53  Adept  
  21  1:54  Assimilator  
  22  2:01  Probe  
  23  2:05  Warp Gate  
  25  2:14  Shield Battery  
  25  2:16  Probe  
  25  2:22  Stalker  
  26  2:28  Probe  
  29  2:40  Probe  
  29  2:42  Robotics Facility  
  30  2:44  Stalker  
  30  2:55  Shield Battery  
  32  3:11  Probe  
  32  3:12  Probe  
  33  3:14  Stalker  
  33  3:19  Immortal  
  33  3:23  Probe  
  33  3:24  Probe  
  39  3:36  Probe  
  39  3:41  Gateway  
  40  3:45  Gateway  
  41  3:51  Warp Prism  
  42  3:59  Pylon  
  42  4:07  Stalker  
  44  4:19  Probe  
  44  4:21  Probe  
  44  4:30  Pylon  
  44  4:31  Probe  
  44  4:33  Probe  
  46  4:39  Twilight Council  
  46  4:43  Observer  
  46  4:44  Probe  
  48  4:45  Probe  
  48  4:50  Stalker x3  
  55  4:56  Probe  
  55  4:58  Probe  
  55  4:59  Pylon  
  59  5:17  Zealot x2  
  59  5:20  Pylon  
  61  5:21  Dark Shrine  
  61  5:30  Gateway  
  55  5:44  Stalker x3  
  55  5:47  Probe  
  55  5:49  Probe  
  63  5:55  Gateway  
  63  5:56  Gateway  
  65  6:08  Pylon  
  63  6:12  Gateway  
  63  6:13  Sentry, Gateway, Zealot x2  
  69  6:21  Assimilator  
  69  6:30  Pylon  
  69  6:33  Dark Templar  
  69  6:34  Probe x2  
  69  6:37  Assimilator  
  73  6:42  Sentry  
  73  6:43  Zealot x2  
Show
View Real Time Build Order
Export as new Build Order

cure Terran 

Build Orders:  

Get SALT Encoding   

  12  0:01  SCV  
  13  0:13  SCV  
  14  0:18  Supply Depot  
  14  0:25  SCV  
  15  0:39  SCV  
  15  0:41  Barracks  
  16  0:46  Refinery  
  16  0:58  Barracks  
  16  1:02  SCV  
  17  1:15  SCV  
  18  1:28  Marine, Orbital Command  
  19  1:34  Supply Depot  
  19  1:46  Marine, Barracks Tech Lab  
  20  1:55  SCV  
  21  2:04  Marine, Concussive Shells, Marauder  
  21  2:07  SCV  
  25  2:16  Supply Depot  
  25  2:19  SCV  
  25  2:22  Marine  
  27  2:26  Marauder  
  29  2:32  SCV  
  30  2:40  Marine  
  30  2:41  Supply Depot  
  31  2:44  SCV  
  31  2:47  Marauder  
  31  2:49  Stimpack  
  34  2:56  SCV  
  34  2:58  Marine  
  35  3:08  Marauder  
  35  3:09  SCV  
  36  3:16  Marine  
  35  3:22  SCV  
  34  3:30  Marauder  
  36  3:34  Barracks Reactor  
  36  3:39  Barracks  
  36  3:42  Barracks  
  36  3:45  SCV  
  37  3:49  Supply Depot  
  37  3:53  Marauder  
  38  4:01  Barracks  
  38  4:07  SCV  
  39  4:12  Marine x2  
  39  4:14  Marauder  
  38  4:31  Marine x2, Barracks Tech Lab  
  37  4:33  Barracks Tech Lab  
  37  4:37  Marauder  
  38  4:44  Supply Depot  
  38  4:49  Marine x2  
  38  4:50  Marauder  
  38  4:51  Marauder  
  38  4:52  Marine  
  45  4:57  Supply Depot  
  45  4:58  Marine  
  46  5:01  Combat Shield  
  46  5:06  Marine  
  45  5:10  Marine  
  45  5:11  Marine, Marauder  
  48  5:16  Marine  
  49  5:21  Supply Depot  
  49  5:33  Marine  
  49  5:34  Marine  
  47  5:36  Marine  
  47  5:42  Marine  
  47  5:43  Marauder  
  49  5:50  Marine  
  49  5:52  Marine  
  51  5:59  Marine  
  51  6:00  Supply Depot  
  52  6:06  Marauder  
  52  6:08  Marine  
  55  6:17  Marauder  
  57  6:18  Marine  
  57  6:20  Marine  
  59  6:26  Marine  
  59  6:27  Marine  
Tags
 
Add a new tag
Caveats
  • Supply blocks, unpowered buildings, or Contaminate may cause inaccurate times.
  • Supply counts are checked every 10 seconds.